 Dungeon Crawl Stone Soup version 0.30.1-11-g7821555f0a (webtiles) character file.

Game seed: 17559612891082947377

20 Eitelfritz the Trooper (level 2, -1/27 HPs)
             Began as a Hill Orc Fighter on Jan 13, 2024.
             Succumbed to a goblin's poison
             ... on level 1 of the Dungeon.
             The game lasted 00:01:16 (532 turns).

Eitelfritz the Trooper (Hill Orc Fighter)            Turns: 532, Time: 00:01:17

Health: -1/27      AC:  8    Str: 18    XL:     2   Next: 79%
Magic:  2/2        EV:  9    Int:  8    God:
Gold:   21         SH:  4    Dex: 10    Spells: 1/1 levels left

rFire   . . .        a - +0 war axe
rCold   . . .        c - +0 buckler
rNeg    . . .        b - +0 scale mail
rPois   .            (no helmet)
rElec   .            (no cloak)
rCorr   .            (no gloves)
SInv    .            g - +0 pair of boots
Will    .....        (no amulet) Stlth
                     (no ring)
HPRegen 0.24/turn    (no ring)
MPRegen 0.08/turn

%: no passive effects
@: lethally poisoned (-1 -> -17), hasted, very quick
A: no striking features
a: no special abilities


You were on level 1 of the Dungeon.
You visited 1 branch of the dungeon, and saw 1 of its levels.

You collected 21 gold pieces.

Inventory:

Hand Weapons
 a - a +0 war axe (weapon)
Armour
 b - a +0 scale mail (worn)
 c - a +0 buckler (worn)
 g - a +0 pair of boots (worn)
Scrolls
 f - a scroll of identify {unknown}
 h - a scroll of immolation {unknown}
 i - a scroll of enchant armour {unknown}
Potions
 d - a potion of might


   Skills:
 + Level 3.9 Fighting
 + Level 3.1 Axes
 + Level 3.6 Armour
 + Level 3.5 Shields


You had one spell level left.
You didn't know any spells.
Your spell library was empty.

Dungeon Overview and Level Annotations

Branches:
Dungeon (1/15)

Altars:


Message History

The ball python barely misses you.
You barely miss the hobgoblin. You closely miss the goblin.
You closely miss the ball python.
The goblin hits you with a +2 dagger of venom.
You are poisoned.
The hobgoblin hits you but does no damage.
The ball python barely misses you. The ball python grabs you.
The ball python constricts you. The goblin hits you but does no damage.
You are more poisoned.
The hobgoblin barely misses you.
You closely miss the hobgoblin. You closely miss the goblin.
You hit the ball python.
You kill the ball python!
You feel very sick. The goblin barely misses you.
You block the hobgoblin's attack.
You slash the hobgoblin!
You kill the hobgoblin!
You hit the goblin.
You feel very sick. The goblin barely misses you.
You closely miss the goblin.
The goblin is heavily wounded.
You feel very sick. The goblin barely misses you.
You block the goblin's attack.
You closely miss the goblin.
The goblin is heavily wounded.
You feel sick.
The goblin hits you with a +2 dagger of venom.
* * * LOW HITPOINT WARNING * * *
You are lethally poisoned!
Unknown command.
You barely miss the goblin.
The goblin is heavily wounded.
* * * LOW HITPOINT WARNING * * *
You feel very sick. The goblin hits you but does no damage.
You are more poisoned.
The goblin barely misses you.
It was a potion of haste.
You feel yourself speed up.
You die...

......# #..............#.......
......# #..............#.......
......#####..............#.......
#######..................#.......
#..................#.......
#.................[+.......
##................ #.......
#................ #.######
#........@....... #.# #
#.......g........ #.# #
#................ #.## #
#.......###########..#####
#.......# #............ #.......#
#.########..# ....... #.# ##..
##### #.# ### #.#


You could see a goblin.

Vanquished Creatures
  2 ball pythons (D:1)
  An endoplasm (D:1)
  A giant cockroach (D:1)
  2 hobgoblins (D:1)
  3 jackals (D:1)
  A quokka (D:1)
  2 bats (D:1)
  3 frilled lizards (D:1)
  A kobold (D:1)
  2 rats (D:1)
18 creatures vanquished.

Notes
Turn   | Place    | Note
-------+----------+-------------------------------------------
     0 | D:1      | Eitelfritz the Hill Orc Fighter began the quest for the
                  | Orb.
     0 | D:1      | Reached XP level 1. HP: 19/19 MP: 1/1
    46 | D:1      | Found a faded altar of an unknown god.
   115 | D:1      | Reached XP level 2. HP: 24/27 MP: 2/2
   532 | D:1      | Succumbed to a goblin's poison

Illustrated notes

Levels and vault maps discovered:
D:1:      dpeg_arrival_boxorama, layout_basic,
          hellmonk_ecumenical_altar_pennies_from_heaven

Skill      XL: |  1  2 |
---------------+-------+-----
Axes           | 3 |  3.1
Fighting       | |  3.9
Armour         | |  3.6
Shields        | |  3.5

Action                     || total
---------------------------++-------
  Melee: War axe           ||    38
    Use: Potion            ||     1
 Armour: Scale mail        ||    19
  Dodge: Dodged            ||    25
  Block: Buckler           ||     6
